 Dungeon Crawl Stone Soup version 0.29-a0-824-gd827844252 (webtiles) character file.

Game seed: 18382305362538525874

248 Napalmbreeze the Ruffian (level 5, -4/54 HPs)
             Began as a Troll Fighter on July 2, 2022.
             Slain by a goblin
             ... wielding a +0 club
             ... led by Robin
              (6 damage)
             ... on level 4 of the Dungeon on July 9, 2022.
             The game lasted 00:08:15 (2202 turns).

Napalmbreeze the Ruffian (Troll Fighter)            Turns: 2202, Time: 00:08:16

Health: -4/54      AC:  4    Str: 26    XL:     5   Next: 86%
Magic:  4/4        EV:  8    Int:  4    God:
Gold:   51         SH:  7    Dex:  9    Spells: 4/4 levels left

rFire   + . .      SeeInvis .     - Unarmed
rCold   . . .      Faith    .   b - +0 kite shield
rNeg    . . .      Spirit   .   a - +0 robe
rPois   .          Reflect  .   (helmet restricted)
rElec   .          Harm     .   (no cloak)
rCorr   .          Rampage  .   (gloves unavailable)
Will    .....                   (boots unavailable)
Stlth   +.........              (no amulet)
HPRegen 0.98/turn               e - ring of protection from fire
MPRegen 0.09/turn               (no ring)

@: no status effects
A: large, unfitting armour, claws 3, regeneration 1, shaggy fur 1, tough skin 1
a: no special abilities


You were on level 4 of the Dungeon.
You visited 1 branch of the dungeon, and saw 4 of its levels.

You collected 84 gold pieces.
You spent 33 gold pieces at shops.

Inventory:

Missiles
 l - 5 poisoned darts (quivered)
Armour
 a - a +0 robe (worn)
 b - a +0 kite shield (worn)
 k - an orb of light
Jewellery
 e - a ring of protection from fire (left claw)
 o - a ring of protection from fire
Wands
 q - a wand of polymorph (13)
Scrolls
 d - 2 scrolls of teleportation {unknown}
 f - 2 scrolls of blinking {unknown}
 g - a scroll of identify {unknown}
 h - 2 scrolls of brand weapon {unknown}
 i - a scroll of fog {unknown}
 j - 2 scrolls of poison
 s - a scroll of enchant armour {unknown}
 t - a scroll of enchant weapon {unknown}
Potions
 c - a potion of might
 m - a potion of degeneration {unknown}
 n - a potion of flight {unknown}
 p - 2 potions of berserk rage {unknown}
 r - a potion of curing


   Skills:
 + Level 3.7 Fighting
 - Level 2.4 Dodging
 + Level 3.9 Shields
 + Level 4.0 Unarmed Combat


You had 4 spell levels left.
You didn't know any spells.
Your spell library contained the following spells:

 Spells                   Type           Power      Damage    Failure   Level
 Conjure Flame            Conj/Fire      0%         6-21      98%         3
 Ignite Poison            Fire/Tmut/Pois 0%         N/A       98%         3
 Mephitic Cloud           Conj/Pois/Air  0%         N/A       98%         3
 Sticky Flame             Conj/Fire      0%         2d3       100%        4
 Freezing Cloud           Conj/Ice/Air   0%         6-21      100%        5


Dungeon Overview and Level Annotations

Branches:
Dungeon (4/15)
 Temple: D:4-7

Altars:
The Shining One

Shops:
D:3 (!([!

Annotations:
D:3 exclusion: 2 doors
D:4 Robin


Innate Abilities, Weirdness & Mutations

You are too large for most types of armour.
You have claws for hands.
Your natural rate of healing is unusually fast.
You are covered in fur. (AC +1)
You have tough skin. (AC +1)


Message History

You block the goblin's attack. The goblin completely misses you.
The goblin closely misses you.
You closely miss the goblin.
The goblin no longer looks unusually strong.
The goblin closely misses you. The goblin hits you but does no damage.
Robin throws the goblin at you! The goblin hits you with a +0 dagger.
The goblin hits you with a +0 club. You block the goblin's attack.
You closely miss the goblin. The goblin completely misses you.
Robin roars a battlecry!
The goblin goes into a battle-frenzy!
The goblin hits you with a +0 club. The goblin hits you but does no damage.
The goblin closely misses you. The goblin hits you but does no damage.
The goblin attacks as you move away! The goblin hits you but does no damage.
Robin zaps a wand.
The bolt of light hits the goblin!!
The goblin dies!
The bolt of light hits you!
You are confused.
The goblin barely misses you. The goblin attacks as you move away!
The goblin hits you with a +0 dagger. The goblin attacks as you move away!
The goblin hits you with a +0 club.
There is an open door here.
You barely miss the goblin.
You feel less confused. Robin throws the goblin at you!
The goblin hits you with a +0 dagger. The goblin hits you with a +0 club.
The goblin hits you but does no damage.
You claw the goblin!
You kill the goblin!
Robin throws the goblin at you!
The goblin hits you with a +0 dagger. x2
* * * LOW HITPOINT WARNING * * *
The goblin barely misses you. x2; The goblin hits you with a +0 club.
* * * LOW HITPOINT WARNING * * *
The goblin hits you but does no damage.
Your Unarmed Combat skill increases to level 4!
You barely miss the goblin.
Robin hits you from afar with a +0 trident!
* * * LOW HITPOINT WARNING * * *
The goblin hits you with a +0 dagger.
* * * LOW HITPOINT WARNING * * *
You block the goblin's attack. The goblin hits you with a +0 club.
You die...

.....#.....#.....#...
......#.....#.....#...
........#.....#.....#...
.##
##.####.##.##.#.....#...
....
#+####.##.#############
..... #...)#.....#
......#...ggg....#
...g..'..g.#gg...#
......#.####@##.##
####### .####
###....g### #......
#.....# #...... #.....#
#...... #.....# #......
#.....#########......
###.>.....)..........
#.....).)..........
#..................


You could see Robin and 4 goblins.

Vanquished Creatures
  Terence (D:3)
  2 orc wizards (D:3)
  6 gnolls
  4 adders
  2 worms
  2 dart slugs (D:3)
  7 orcs (D:3)
  5 bats
  4 endoplasms
  4 giant cockroaches
  8 goblins
  4 hobgoblins
  A quokka (D:1)
  3 ball pythons
  3 frilled lizards
  7 kobolds
  9 rats
72 creatures vanquished.

Vanquished Creatures (others)
  A goblin (D:4)
1 creature vanquished.

Grand Total: 73 creatures vanquished

Notes
Turn   | Place    | Note
-------+----------+-------------------------------------------
     0 | D:1      | Napalmbreeze the Troll Fighter began the quest for the Orb.
     0 | D:1      | Reached XP level 1. HP: 22/22 MP: 0/0
    47 | D:1      | Found a faded altar of an unknown god.
   237 | D:1      | Reached XP level 2. HP: 29/29 MP: 1/1
   726 | D:2      | Reached XP level 3. HP: 36/36 MP: 2/2
  1130 | D:3      | Reached skill level 3 in Unarmed Combat
  1191 | D:3      | Reached XP level 4. HP: 42/45 MP: 3/3
  1333 | D:3      | Found Judom's Armour Emporium.
  1353 | D:3      | Found Humuxu's Antique Weapon Shoppe.
  1364 | D:3      | Noticed Terence
  1389 | D:3      | Killed Terence
  1390 | D:3      | Reached XP level 5. HP: 21/53 MP: 4/4
  1463 | D:3      | Found Roq Zomeve's Weapon Emporium.
  1538 | D:3      | Found Xen Genahats's Distillery.
  1541 | D:3      | Bought a potion of curing for 33 gold pieces
  1641 | D:3      | Found Rihi's Distillery.
  1702 | D:3      | Found a glowing golden altar of the Shining One.
  1896 | D:3      | Upgraded the game from 0.29-a0-780-g652cadfb38 to
                  | 0.29-a0-824-gd827844252
  2179 | D:4      | Noticed Robin
  2202 | D:4      | Reached skill level 4 in Unarmed Combat
  2202 | D:4      | HP: 2/54 [goblin/+0 dagger[Robin] (2)]
  2202 | D:4      | Slain by a goblin

Illustrated notes

Levels and vault maps discovered:
D:1:      lightli_arrival_maybe_door_vault, layout_loops_ring,
          hellmonk_ecumenical_altar_zigzags
D:2:      layout_rooms
D:3:      layout_loops_cross, mainiacjoe_overflow_24_doors, serial_shops,
          nicolae_shop_competitors_out_of_business, nicolae_shop_behind_doors,
          nicolae_shop_crystal, nicolae_shop_statue_plus, nicolae_shop_crystal,
          dk_vineyard_3, uniq_terence
D:4:      layout_gridville, minivault_24, uniq_duvessa, uniq_robin

Skill      XL: |  1  2  3  4  5 |
---------------+----------------+-----
Fighting       | 3 |  3.7
Shields        | 3 |  3.9
Unarmed Combat | 3 4 |  4.0
Dodging        | |  2.4

Action                   |  1- 3 |  4- 6 || total
-------------------------+-------+-------++-------
Melee: Unarmed           |    88 |   117 ||   205
  Use: Scroll            |       |     1 ||     1
Armor: Robe              |    20 |    42 ||    62
Dodge: Dodged            |    22 |    43 ||    65
Block: Kite shield       |    23 |    46 ||    69

Table legend: (Time is in decaauts)
 A = Elapsed time spent in this place.
 B = Non-inter-level travel time spent in this place.
 C = Inter-level travel time spent in this place.
 D = Time resting spent in this place.
 E = Time spent auto-exploring this place.
 F = Levels seen in this place.
 G = Mean time per level.
                   A        B        C        D        E       F      G
               +--------+--------+--------+--------+--------+-----+--------+
         Total |   2217 |   2128 |     89 |    103 |   1290 |   4 |  554.2 |
       Dungeon |   2217 |   2128 |     89 |    103 |   1290 |   4 |  554.2 |
               +--------+--------+--------+--------+--------+-----+--------+

Top non-repeatable levels by time:
     D:3: 964 daAuts
     D:1: 674 daAuts
     D:2: 360 daAuts
     D:4: 218 daAuts
